 Dungeon Crawl Stone Soup version 0.23.2-33-g5129a83184 (webtiles) character file.

Game seed: 11830774413944917038

422 funkygono the Shield-Bearer (level 7, -8/55 HPs)
             Began as a Formicid Fighter on July 27, 2019.
             Was an Initiate of Nemelex Xobeh.
             Killed by divine providence
             ... invoked by an orc priest
              (16 damage)
             ... on level 4 of the Dungeon.
             The game lasted 00:08:31 (3317 turns).

funkygono the Shield-Bearer (Formicid Fighter)      Turns: 3317, Time: 00:08:33

Health: -8/55      AC:  8    Str: 29    XL:     7   Next: 17%
Magic:  8/8        EV:  9    Int:  8    God:    Nemelex Xobeh [......]
Gold:   216        SH: 12    Dex: 10    Spells: 6/6 levels left

rFire    . . .     SeeInvis +   a - +0 flail
rCold    . . .     Gourm    .   c - +2 shield
rNeg     . . .     Faith    .   b - +0 scale mail
rPois    .         Spirit   .   (helmet unavailable)
rElec    .         Reflect  .   (no cloak)
rCorr    .         Harm     .   (no gloves)
MR       .....                  q - +0 pair of boots
Stlth    ..........             (no amulet)
HPRegen  0.18/turn              n - +2 ring of strength
MPRegen  0.11/turn              (no ring)

@: mighty, lethally poisoned (-8 -> -18)
A: permanent stasis, dig shafts and tunnels, four strong arms, antennae 3
a: Dig, Shaft Self, Draw Escape, Draw Destruction, Draw Summoning, Renounce
Religion


You were on level 4 of the Dungeon.
You worshipped Nemelex Xobeh.
Nemelex Xobeh was noncommittal.
You were not hungry.

You visited 1 branch of the dungeon, and saw 4 of its levels.

You collected 216 gold pieces.

Inventory:

Hand Weapons
 a - a +0 flail (weapon)
Missiles
 e - 56 stones (quivered)
 k - 47 arrows
 l - 23 sling bullets
Armour
 b - a +0 scale mail (worn)
 c - a +2 shield (worn)
 q - a +0 pair of boots (worn)
Jewellery
 n - a +2 ring of strength (left hand)
Scrolls
 m - a scroll of remove curse
Potions
 j - 2 potions of curing
 o - a potion of ambrosia
Comestibles
 f - 6 rations
 g - 2 chunks of flesh


   Skills:
 + Level 4.3 Fighting
 + Level 4.4 Maces & Flails
 + Level 4.7 Armour
 + Level 0.7 Dodging
 + Level 0.6 Stealth
 + Level 5.0 Shields
 * Level 2.1 Invocations


You had 6 spell levels left.
You didn't know any spells.
Your spell library was empty.

Dungeon Overview and Level Annotations

Branches:
Dungeon (4/15)
 Temple: D:4-7

Altars:
Nemelex Xobeh
Okawaru


Innate Abilities, Weirdness & Mutations

You cannot be hasted, slowed, berserked, paralysed or teleported.
You can dig through walls and to a lower floor.
Your four strong arms can wield two-handed weapons with a shield.
You have a pair of large antennae on your head. (SInv)


Message History

You struggle to resist.
Your scale mail prevents you from hitting the worker ant.
The worker ant is severely wounded.
The worker ant bites you.
* * * LOW HITPOINT WARNING * * *
You are lethally poisoned!
The worker ant poisons you! The orc priest barely misses you.
You barely miss the worker ant.
The worker ant is severely wounded.
* * * LOW HITPOINT WARNING * * *
You feel sick. You block the worker ant's attack.
The orc priest hits you but does no damage.
You bludgeon the worker ant!!
You kill the worker ant!
* * * LOW HITPOINT WARNING * * *
You feel sick.
The orc priest invokes the aid of Beogh against you.
Beogh smites you!
You die...
Your body disappears without a glow.

....## ##.
.....##..
........
......
....# ...#
#o.# #)o#
##@## #..#
#<.##
#รท..#
#.........
#...##.....
#...##
##### ....#
.....


You could see an orc priest and an orc.

Vanquished Creatures
  A scorpion (D:3)
  An orc priest (D:4)
  A hound (D:4)
  A worker ant (D:4)
  Robin (D:2)
  6 adders
  2 oozes
  A worm (D:2)
  3 dart slugs
  3 leopard geckos
  3 orcs
  2 ball pythons
  6 bats
  A giant cockroach (D:1)
  11 hobgoblins
  4 kobolds
  4 frilled lizards
  21 goblins
  8 rats
80 creatures vanquished.

Vanquished Creatures (others)
  Edmund (D:4)
1 creature vanquished.

Grand Total: 81 creatures vanquished

Notes
Turn   | Place    | Note
-------+----------+-------------------------------------------
     0 | D:1      | funkygono the Formicid Fighter began the quest for the Orb.
     0 | D:1      | Reached XP level 1. HP: 18/18 MP: 1/1
    99 | D:1      | Reached XP level 2. HP: 22/24 MP: 2/2
   525 | D:1      | Reached XP level 3. HP: 29/29 MP: 3/3
   540 | D:1      | Reached skill level 4 in Shields
  1003 | D:2      | Reached XP level 4. HP: 35/35 MP: 4/4
  2080 | D:2      | Reached XP level 5. HP: 42/42 MP: 5/5
  2112 | D:2      | Noticed Robin
  2122 | D:2      | Killed Robin
  2652 | D:3      | Found an iron altar of Okawaru.
  2880 | D:3      | Found a sparkling altar of Nemelex Xobeh.
  2889 | D:3      | Became a worshipper of Nemelex Xobeh the Trickster
  2979 | D:3      | Reached XP level 6. HP: 32/48 MP: 6/6
  3114 | D:3      | Received a gift from Nemelex Xobeh
  3273 | D:4      | Noticed Edmund
  3274 | D:4      | Reached skill level 1 in Invocations
  3289 | D:4      | Killed Edmund
  3296 | D:4      | Reached XP level 7. HP: 32/54 MP: 8/8
  3303 | D:4      | Reached skill level 5 in Shields
  3317 | D:4      | Killed from afar by an orc priest

Skill      XL: |  1  2  3  4  5  6  7 |
---------------+----------------------+-----
Shields        | 4 5 |  5.0
Armour         | 4 |  4.7
Maces & Flails | 3 4 |  4.4
Fighting       | 4 |  4.3
Invocations    | 1 2 |  2.1
Dodging        | |  0.7
Stealth        | |  0.6

Action                   |  1- 3 |  4- 6 |  7- 9 || total
-------------------------+-------+-------+-------++-------
Melee: Flail             |   108 |   216 |    10 ||   334
 Abil: Draw Destruction  |       |     4 |       ||     4
       Draw Escape       |       |       |     1 ||     1
  Use: Scroll            |     4 |     9 |       ||    13
       Potion            |       |       |     2 ||     2
 Stab: Petrified         |       |     2 |       ||     2
  Eat: Chunk             |       |     8 |       ||     8
Armor: Scale mail        |    51 |    76 |     3 ||   130
Dodge: Dodged            |    39 |    61 |     2 ||   102
Block: Shield            |    55 |   148 |     5 ||   208
